 Dungeon Crawl Stone Soup version 0.20.0-10-g0535bb4 (webtiles) character file.

172 MTVSty1e the Skirmisher (level 5, -1/34 HPs)
             Began as a Gargoyle Fighter on June 4, 2017.
             Slain by a gnoll
             ... wielding a +0 spear
              (3 damage)
             ... on level 3 of the Dungeon.
             The game lasted 00:01:57 (1425 turns).

MTVSty1e the Skirmisher (Gargoyle Fighter)          Turns: 1425, Time: 00:01:57

Health: -1/34      AC: 10    Str: 21    XL:     5   Next: 53%
Magic:  5/5        EV:  7    Int:  8    God:
Gold:   91         SH:  9    Dex:  9    Spells: 4/4 levels left

rFire    . . .     SeeInvis .   a - +0 war axe
rCold    . . .     Gourm    .   c - +0 shield
rNeg     + . .     Faith    .   b - +0 scale mail
rPois    ∞         Spirit   .   (no helmet)
rElec    +         Reflect  .   (no cloak)
rCorr    .         Harm     .   (no gloves)
MR       .....                  (no boots)
Stlth    ..........             (no amulet)
Regen    0.2/turn               (no ring)
MPRegen  0.1/turn               (no ring)

@: no status effects
A: negative energy resistance 1, electricity resistance, unbreathing,
petrification resistance, rot immunity, AC +4
a: no special abilities


You were on level 3 of the Dungeon.
You were not hungry.

You visited 1 branch of the dungeon, and saw 3 of its levels.

You collected 91 gold pieces.

Inventory:

Hand Weapons
 a - a +0 war axe (weapon)
Armour
 b - a +0 scale mail (worn)
 c - a +0 shield (worn)
Jewellery
 q - an uncursed ring of ice {unknown}
Wands
 m - a wand of digging (9/24)
Scrolls
 f - 2 scrolls of amnesia {unknown}
 j - 2 scrolls of recharging {unknown}
 k - 2 scrolls of teleportation {unknown}
 l - a scroll of identify {unknown}
 o - 2 scrolls of noise {unknown}
 p - a scroll of enchant weapon {unknown}
Potions
 d - a potion of might
 e - a potion of agility {unknown}
 g - a potion of curing {unknown}
 h - a potion of degeneration {unknown}
 n - a potion of haste {unknown}
Comestibles
 i - 2 meat rations
 r - a bread ration


   Skills:
 + Level 4.7 Fighting
 * Level 4.1 Axes
 - Level 3.2 Armour
 - Level 3.2 Shields


You had 4 spell levels left.
You didn't know any spells.

Dungeon Overview and Level Annotations

Branches:
Dungeon (3/15)

Altars:
Cheibriados


Innate Abilities, Weirdness & Mutations

You are resistant to torment.
Your stone body is resilient. (AC +4)
You are immune to poison.
You resist negative energy. (rN+)
You are resistant to electric shocks. (rElec)
You can survive without breathing.
You are immune to petrification.
You are immune to rotting.


Message History

* * * LOW HITPOINT WARNING * * *
You closely miss the gnoll.
The gnoll is severely wounded.
The gnoll hits you but does no damage. You block the gnoll's attack.
The gnoll barely misses you.
You hit the gnoll.
The gnoll is almost dead.
The gnoll hits you from afar with a spear.
* * * LOW HITPOINT WARNING * * *
The gnoll barely misses you.
You slash the gnoll!
You kill the gnoll!
You block the gnoll's attack. The gnoll hits you but does no damage.
The gnoll hits you but does no damage.
You see here a halberd.
You closely miss the gnoll. You block the gnoll's attack.
You slash the gnoll!
The gnoll is almost dead.
The gnoll hits you with a spear.
You die...

###.#.######.#
#..........>.#
#...#######..#
#..########..#
#............#
#...#######..# #...#
#..####?## ####...#
#.)......# #......#
##@####.## #.##.#.#
#.....g.....# #
#.#.###.............
##.......####.####.##
#.<......# #.# #
#.##.##### #.# #. .#
#.# #. .. ..# #. ##


You could see a gnoll.

Vanquished Creatures
  Natasha (thrice) (D:2)
  3 gnolls (D:3)
  An adder (D:2)
  An ooze (D:3)
  A worm (D:2)
  2 dart slugs (D:2)
  5 leopard geckos
  5 bats
  5 giant cockroaches
  4 goblins
  6 hobgoblins
  3 kobolds
  A quokka (D:2)
  3 frilled lizards
  5 rats
48 creatures vanquished.

Notes
Turn   | Place    | Note
-------+----------+-------------------------------------------
     0 | D:1      | MTVSty1e the Gargoyle Fighter began the quest for the Orb.
     0 | D:1      | Reached XP level 1. HP: 14/14 MP: 1/1
    89 | D:1      | Reached XP level 2. HP: 17/19 MP: 2/2
   450 | D:1      | Reached XP level 3. HP: 24/24 MP: 3/3
   580 | D:2      | Noticed Natasha
   595 | D:2      | Killed Natasha
   752 | D:2      | Found a snail-covered altar of Cheibriados.
   758 | D:2      | Reached XP level 4. HP: 24/29 MP: 4/4
   780 | D:2      | Noticed Natasha
   786 | D:2      | Killed Natasha
   809 | D:2      | Noticed Natasha
   812 | D:2      | Killed Natasha
   812 | D:2      | Reached XP level 5. HP: 16/34 MP: 5/5
  1115 | D:2      | Found a faded altar of an unknown god.
  1421 | D:3      | HP: 1/34 [gnoll/spear (2)]
  1425 | D:3      | Slain by a gnoll

Skill      XL: |  1  2  3  4  5 |
---------------+----------------+-----
Axes           | 2 3 4 |  4.1
Fighting       | 4 |  4.7
Armour         | |  3.2
Shields        | |  3.2

Action                   |  1- 3 |  4- 6 || total
-------------------------+-------+-------++-------
Melee: War axe           |    74 |    87 ||   161
  Eat: Bread ration      |       |     1 ||     1
Armor: Scale mail        |    37 |    59 ||    96
Dodge: Dodged            |    34 |    31 ||    65
Block: Shield            |    42 |    51 ||    93
